 Dungeon Crawl Stone Soup version 0.27-a0-1232-gc6a4cbde82 (webtiles) character file.

Game seed: 11766110737554855516

46 Whiskey the Sneak (level 3, -4/19 HPs)
             Began as a Kobold Enchanter on June 9, 2021.
             Slain by Terence
             ... wielding a +2 mace of distortion
              (6 damage)
             ... on level 2 of the Dungeon.
             The game lasted 00:03:40 (788 turns).

Whiskey the Sneak (Kobold Enchanter)                 Turns: 788, Time: 00:03:41

Health: -4/19      AC:  2    Str:  6    XL:     3   Next: 92%
Magic:  6/6        EV: 15    Int: 16    God:
Gold:   0          SH:  0    Dex: 15    Spells: 3/6 levels left

rFire    . . .     SeeInvis .   a - +1 dagger
rCold    . . .     Faith    .   (shield restricted)
rNeg     . . .     Spirit   .   b - +0 robe
rPois    .         Reflect  .   (no helmet)
rElec    .         Harm     .   (no cloak)
rCorr    .         Rampage  .   (no gloves)
Will     .....                  (no boots)
Stlth    ++++......             (no amulet)
HPRegen  0.06/turn              (no ring)
MPRegen  0.10/turn              (no ring)

@: no status effects
A: small, no large weapons, nightstalker 3
a: no special abilities


You were on level 2 of the Dungeon.
You visited 1 branch of the dungeon, and saw 2 of its levels.

Inventory:

Hand Weapons
 a - a +1 dagger (weapon)
 g - a +0 long sword
   (You found it on level 1 of the Dungeon)
Armour
 b - a +0 robe (worn)
Scrolls
 c - a scroll of immolation {unknown}
 f - 2 scrolls of identify {unknown}
Potions
 d - a potion of resistance {unknown}
 e - a potion of might {unknown}


   Skills:
 + Level 2.8 Short Blades
 - Level 2.4 Dodging
 * Level 5.6 Stealth
 - Level 2.1 Spellcasting
 - Level 3.0 Hexes


You had 3 spell levels left.
You knew the following spells:

 Your Spells              Type           Power      Damage    Failure   Level
a - Ensorcelled Hibernat  Hex/Ice        12%        N/A       17%         2
v - Corona                Hex            12%        N/A       6%          1

Your spell library contained the following spells:

 Spells                   Type           Power      Damage    Failure   Level
 Confusing Touch          Hex            11%        N/A       19%         3
 Tukima's Dance           Hex            11%        N/A       19%         3
 Dazzling Flash           Conj/Hex       12%        N/A       32%         3


Dungeon Overview and Level Annotations

Branches:
Dungeon (2/15)

Altars:

Annotations:
D:2 Terence


Innate Abilities, Weirdness & Mutations

You are small and have problems with some larger weapons.
You are completely attuned to the shadows.


Message History

You climb upwards.
There is a stone staircase leading down here.
You barely miss the hobgoblin. The hobgoblin hits you.
You take 1 damage, and have 14/15 hp.
You closely miss the hobgoblin. The hobgoblin closely misses you.
You barely miss the hobgoblin. The hobgoblin closely misses you.
You closely miss the hobgoblin. The hobgoblin barely misses you.
You closely miss the hobgoblin. The hobgoblin barely misses you.
You hit the hobgoblin. The hobgoblin misses you.
You hit the hobgoblin.
You kill the hobgoblin!
No target in view!
No target in view!
No target in view!
No target in view!
No target in view!
No target in view!
No target in view!
No target in view!
No target in view!
No target in view!
No target in view!
No target in view!
No target in view!
No target in view!
No target in view!
No target in view!
No target in view!
No target in view!
You're too inexperienced to learn that spell!
Memorise Ensorcelled Hibernation, consuming 2 spell levels and leaving 2?
You start memorising the spell.
You continue memorising. x2
You finish memorising.
Spell assigned to 'a'.
There is a stone staircase leading down here.
Health restored: 15 You climb downwards.
Level annotation: Terence
Found a stone staircase leading down.
There is a stone staircase leading up here.
Jessica the Apprentice Sorceress comes into view.
She is wielding a +0 club.
Jessica shouts!
You hear a shout!
Jessica points at you and mumbles some strange words.
You feel yourself slow down.
Aim: Jessica, wielding a +0 club and wearing a +0 robe (chance to affect: 47%)
You miscast Ensorcelled Hibernation.
You are very lightly contaminated with residual magic.
Nothing appears to happen.
You now have 3/5 mp.
Aim: Jessica, wielding a +0 club and wearing a +0 robe (chance to affect: 47%) Jessica looks drowsy...
A hobgoblin comes into view.
You now have 1/5 mp.
The helpless Jessica fails to defend herself.
You impale Jessica!!
You kill Jessica!
You have reached level 3!
Your experience leads to an increase in your attributes!
Increase (s)trength, (i)ntelligence, or (d)exterity?
You feel stronger.
Health restored: 19 You hit the hobgoblin.
The hobgoblin hits you.
You take 1 damage, and have 18/19 hp.
You hit the hobgoblin but do no damage. The hobgoblin misses you.
You closely miss the hobgoblin.
The hobgoblin hits you but does no damage.
The hobgoblin hits you.
Your magical contamination has completely faded away.
You take 2 damage, and have 16/19 hp.
You barely miss the hobgoblin.
The hobgoblin hits you but does no damage.
You closely miss the hobgoblin. The hobgoblin hits you.
You take 4 damage, and have 12/19 hp.
MASSIVE DAMAGE!!
You hit the hobgoblin. The hobgoblin hits you.
The hobgoblin closely misses you.
You take 2 damage, and have 10/19 hp.
You hit the hobgoblin.
You kill the hobgoblin!
Aim: Terence, wielding a +2 mace of distortion and wearing a +0 chain mail (chance to affect: 47%) Terence resists with some effort.
Terence hits you with a +2 mace of distortion!
* * * LOW HITPOINT WARNING * * *
You blink.
You take 8 damage, and have 2/19 hp.
MASSIVE DAMAGE!!
You now have 0/6 mp.
You feel yourself speed up. Terence says, "How do you enjoy it?"
You see here a +0 plate armour.
Things that are here:
a +0 club; a +0 robe; the human corpse of Jessica
There is a stone staircase leading up here.
There is a stone staircase leading up here.
There is a stone staircase leading up here.
There is a stone staircase leading up here.
Terence shouts, "Get ready for death!"
There is a stone staircase leading up here.
There is a stone staircase leading up here.
MP restored: 6 Terence hits you with a +2 mace of distortion.
* * * LOW HITPOINT WARNING * * *
Space bends around you.
You die...

#.# ... . ..###.#
....... #.#
..<...# #.#
..##### #.# #.#
@#### #.# #.#
.#...# #.# ##@## #
..#
#.#####.###@#.##.#
[##
#.......).###.>#
##
##.###.###.#.##.#
#.###.# ##@## #
#.[...# #(#
#.###### #.# #..
#.. .#. ###


You could see Terence.

Vanquished Creatures
  Jessica (D:2)
  A dart slug (D:1)
  2 endoplasms (D:1)
  A goblin (D:1)
  5 hobgoblins
  2 jackals (D:1)
  A kobold (D:1)
  A frilled lizard (D:1)
  2 rats (D:1)
16 creatures vanquished.

Notes
Turn   | Place    | Note
-------+----------+-------------------------------------------
     0 | D:1      | Whiskey the Kobold Enchanter began the quest for the Orb.
     0 | D:1      | Reached XP level 1. HP: 10/10 MP: 3/3
   125 | D:1      | Reached XP level 2. HP: 15/15 MP: 5/5
   130 | D:1      | Reached skill level 2 in Short Blades
   522 | D:1      | Reached skill level 5 in Stealth
   656 | D:2      | Noticed Terence
   674 | D:1      | Learned a level 2 spell: Ensorcelled Hibernation
   721 | D:2      | Noticed Jessica
   724 | D:2      | Killed Jessica
   725 | D:2      | Reached XP level 3. HP: 19/19 MP: 1/6
   732 | D:2      | HP: 2/19 [Terence/+2 mace of distortion (8)]
   788 | D:2      | HP: 2/19 [Terence/+2 mace of distortion (4)]
   788 | D:2      | Slain by Terence

Illustrated notes

Levels and vault maps discovered:
D:1:      doesnt_arrival_eight_statues, layout_rooms
D:2:      layout_loops_ring, amcnicky_mini_corridor_feature, uniq_terence,
          uniq_jessica

Skill      XL: |  1  2 |
---------------+-------+-----
Short Blades   | 2 |  2.8
Stealth        | 5 |  5.6
Dodging        | |  2.4
Spellcasting   | |  2.1
Hexes          | |  3.0

Action                   || total
-------------------------++-------
Melee: Dagger            ||    45
 Cast: Corona            ||     2
       Ensorcelled Hiber ||     2
 Stab: Sleeping          ||    10
Armor: Robe              ||     3
Dodge: Dodged            ||    23

Table legend: (Time is in decaauts)
 A = Elapsed time spent in this place.
 B = Non-inter-level travel time spent in this place.
 C = Inter-level travel time spent in this place.
 D = Time resting spent in this place.
 E = Time spent auto-exploring this place.
 F = Levels seen in this place.
 G = Mean time per level.
                   A        B        C        D        E       F      G
               +--------+--------+--------+--------+--------+-----+--------+
         Total |    790 |    731 |     59 |    149 |    409 |   2 |  395.0 |
       Dungeon |    790 |    731 |     59 |    149 |    409 |   2 |  395.0 |
               +--------+--------+--------+--------+--------+-----+--------+

Top non-repeatable levels by time:
     D:1: 699 daAuts
     D:2: 91 daAuts

Table legend:
 A = Kills in this place as a percentage of kills in entire the game.
 B = Kills by you in this place as a percentage of kills by you in the entire game.
 C = Kills by friends in this place as a percentage of kills by friends in the entire game.
 D = Other kills in this place as a percentage of other kills in the entire game.
 E = Experience gained in this place as a percentage of experience gained in the entire game.
 F = Experience gained in this place divided by the number of levels of this place that you have seen.
                   A       B       C       D       E      F
               +-------+-------+-------+-------+-------+----------------------
         Total | 100.0 | 100.0 |   N/A |   N/A | 100.0 |  33.0
       Dungeon | 100.0 | 100.0 |   N/A |   N/A | 100.0 |  33.0
               +-------+-------+-------+-------+-------+----------------------
